 Dungeon Crawl Stone Soup version 0.17-a0-1105-gbe8b664 (webtiles) character file.

78 HeyJoe the Chopper (level 4, -1/60 HPs)
             Began as a Deep Dwarf Berserker on May 22, 2015.
             Was a Believer of Trog.
             Slain by a hound (2 damage)
             ... on level 4 of the Dungeon.
             The game lasted 00:05:07 (1397 turns).

HeyJoe the Chopper (Deep Dwarf Berserker)           Turns: 1397, Time: 00:05:08

Health: -1/60      AC:  3    Str: 26    XL:     4   Next: 15%
Magic:  4/4        EV: 12    Int:  8    God:    Trog [**....]
Gold:   76         SH:  0    Dex: 12    Spells: 0 memorised, 3 levels left

rFire  . . .     SeeInvis .     h - +0 war axe
rCold  . . .     Clarity  .     l - +0 leather armour (curse)
rNeg   . . .     SustAb   .     (no shield)
rPois  .         Gourm    .     (no helmet)
rElec  .         Spirit   .     (no cloak)
rCorr  .         Warding  .     (no gloves)
rMut   .         Stasis   .     (no boots)
MR     .....                    (no amulet)
Stlth  ..........               (no ring)
                                (no ring)

@: berserking (expiring), non-regenerating, very quick, not resistant to hostile
enchantments, extremely unstealthy
A: damage resistance, recharge devices, sense surroundings 1, slow healing 3
a: Device Recharging, Burn Spellbooks, Berserk, Trog's Hand, Renounce Religion


You were on level 4 of the Dungeon.
You worshipped Trog.
Trog was pleased with you.
You were hungry.

You visited 1 branch of the dungeon, and saw 4 of its levels.

You collected 76 gold pieces.

Inventory:

Hand weapons
 a - a +0 hand axe
 h - a +0 war axe (weapon)
Armour
 b - a +0 animal skin
 l - a cursed +0 leather armour (worn)
 p - a +0 ring mail
Magical devices
 c - a wand of heal wounds (4)
Scrolls
 e - a scroll of fog {unknown}
Potions
 i - a potion of might {unknown}
 k - 2 potions of curing {unknown}
 m - a potion of heal wounds {unknown}
 n - a potion of brilliance {unknown}
 o - a potion of haste {unknown}
Comestibles
 d - 2 bread rations
 f - a beef jerky
 g - a meat ration
 j - 5 fruits


   Skills:
 - Level 2.6 Fighting
 + Level 5.5 Axes
 - Level 2.1 Armour
 - Level 2.1 Dodging


You had 3 spell levels left.
You didn't know any spells.

Dungeon Overview and Level Annotations

Branches:
Dungeon (4/15)
 Temple: D:4-7

Altars:


Innate Abilities, Weirdness & Mutations

You are resistant to damage.
You can recharge devices by infusing magical energy.
You passively map a small area around you.
You do not heal naturally.


Message History

You barely miss the hound.
The hound is moderately wounded.
You closely miss the orc wizard. The hound barely misses you.
You barely miss the hound.
The hound is moderately wounded.
You hit the orc wizard.
The orc wizard is heavily wounded.
The hound bites you.
* * * LOW HITPOINT WARNING * * *
The orc wizard hits you but does no damage.
The orc priest calls down the wrath of Beogh upon you.
Something smites you!
* * * LOW HITPOINT WARNING * * *
You closely miss the hound.
The hound is moderately wounded.
You closely miss the orc wizard.
The orc wizard is heavily wounded.
The hound bites you. The orc wizard hits you with a dagger.
The hound bites you.
You die...

..##.# #.#.............# *
..##.###.######........+ ,
, ..........>#...........#
,
####...#.......#.######...
* ###.###.#.....# #######,
#...........#*..... , ,
#...#.#.###.# ...#, *
##....#.....#*... ,,, *
##.......#@##.#.#...
#.#####.#oho.....# ,, , *
*#.* #..o..####.# , #.
##........ , , , #.##.####
_ #.##.# , , *** #.##.# *
, #.##.# 8 #.##.#


You could see a hound, an orc priest, an orc wizard and an orc.

Vanquished Creatures
  3 adders (D:2)
  An ooze (D:4)
  A worm (D:2)
  2 orcs (D:4)
  6 giant cockroaches
  8 goblins
  3 hobgoblins (D:1)
  9 kobolds
  A ball python (D:1)
  3 bats (D:1)
  6 giant newts
  4 rats
47 creatures vanquished.

Notes
Turn   | Place    | Note
--------------------------------------------------------------
     0 | D:1      | HeyJoe the Deep Dwarf Berserker began the quest for the Orb.
     0 | D:1      | Reached XP level 1. HP: 20/20 MP: 1/1
   207 | D:1      | Reached skill level 4 in Axes
   207 | D:1      | Reached XP level 2. HP: 21/27 MP: 2/2
   490 | D:1      | Acquired Trog's second power
   746 | D:1      | Reached XP level 3. HP: 13/33 MP: 3/3
   963 | D:2      | Reached skill level 5 in Axes
  1170 | D:2      | Reached XP level 4. HP: 27/40 MP: 4/4
  1330 | D:3      | You fall through a shaft!
  1396 | D:4      | HP: 1/60 [orc priest/divine providence (6)]
  1397 | D:4      | Slain by a hound

Vault maps used:
D:1:      dpeg_arrival_morbid_curiosity
D:3:      minmay_liquid_box, uniq_grinder
D:4:      kennysheep_kobold_camp, nicolae_overflow_hidden_temple, serial_shops,
          shop

Action                   |  1- 3 |  4- 6 || total
-------------------------+-------+-------++-------
Melee: Hand axe          |   122 |       ||   122
       War axe           |       |    19 ||    19
Invok: Berserk           |       |     1 ||     1
Evoke: Wand              |     1 |       ||     1
 Stab: Sleeping          |       |     1 ||     1
  Eat: Chunk             |     1 |       ||     1
